 Dungeon Crawl Stone Soup version 0.22.1-1-ga44c0e56f4 (webtiles) character file.

33 Ivernyr the Ogre Mage (level 3, 0/33 HPs)
             Began as an Ogre Wizard on Oct 26, 2018.
             Succumbed to an adder's poison
             ... on level 2 of the Dungeon.
             The game lasted 00:07:54 (1300 turns).

Ivernyr the Ogre Mage (Ogre Wizard)                 Turns: 1300, Time: 00:07:55

Health: 0/33       AC:  3    Str: 11    XL:     3   Next: 29%
Magic:  2/8        EV: 10    Int: 20    God:
Gold:   65         SH:  0    Dex:  7    Spells: 7/10 levels left

rFire    . . .     SeeInvis .   (no weapon)
rCold    . . .     Gourm    .   (no shield)
rNeg     . . .     Faith    .   a - +0 robe
rPois    .         Spirit   .   b - +0 hat
rElec    .         Reflect  .   (no cloak)
rCorr    .         Harm     .   (gloves unavailable)
MR       .....                  (boots unavailable)
Stlth    +.........             (no amulet)
HPRegen  0.11/turn              (no ring)
MPRegen  0.11/turn              (no ring)

@: lethally poisoned (0 -> -1), berserk cooldown, slowed, very slow
A: large, unfitting armour, tough skin 1
a: no special abilities


You were on level 2 of the Dungeon.
You were not hungry.

You visited 1 branch of the dungeon, and saw 2 of its levels.

You collected 65 gold pieces.

Inventory:

Armour
 a - a +0 robe (worn)
 b - a +0 hat (worn)
Scrolls
 e - a scroll of enchant armour {unknown}
 f - a scroll of immolation {unknown}
 h - 3 scrolls of remove curse {unknown}
Comestibles
 d - 4 rations


   Skills:
 + Level 1.6 Fighting
 - Level 1.7 Dodging
 - Level 1.4 Stealth
 * Level 4.4 Spellcasting
 + Level 1.5 Conjurations
   Level 0.8 Summonings
 - Level 0.8 Translocations


You had 7 spell levels left.
You knew the following spells:

 Your Spells              Type           Power        Failure   Level  Hunger
a - Magic Dart            Conj           ##..         7%          1    None
b - Blink                 Tloc           N/A          13%         2    #......

Your spell library contained the following spells:

 Spells                   Type           Power        Failure   Level  Hunger
 Call Imp                 Summ           #.......     13%         2    #......
 Slow                     Hex            #.......     19%         2    #......
 Conjure Flame            Conj/Fire      #.......     26%         3    ###....
 Mephitic Cloud           Conj/Pois/Air  #.......     30%         3    ###....


Dungeon Overview and Level Annotations

Branches:
Dungeon (2/15)

Altars:


Innate Abilities, Weirdness & Mutations

You are too large for most types of armour.
You have tough skin. (AC +1)


Message History

A red film seems to cover your vision as you go berserk!
You feel yourself moving faster!
You feel mighty!
You start resting.
You feel a strong urge to attack something.
You start resting.
You feel sick.
You feel your anger nearly subside.
You start resting.
You are no longer berserk.
You are exhausted.
You feel yourself slow down.
There is a lethal amount of poison in your body!
You see here a giant cockroach corpse.
* * * LOW HITPOINT WARNING * * *
You feel sick.
* * * LOW HITPOINT WARNING * * *
You feel sick.
Unknown command.
* * * LOW HITPOINT WARNING * * *
You feel sick.
You die...

# ############ #
#..†.......# #
#####.########†# #
#......#######.###### #
##.###...............# #
##..<##.########.####.#
####..#.........# #.#
.....###†..####.###.####..#
...#..#..#......@.........#
##.##...###############...#
#.#.......... .#
#.#.#.####### #.#.#..#
##.#.##.# #....# .# .....#
.# #...## .#


There were no monsters in sight!

Vanquished Creatures
  An adder (D:2)
  A dart slug (D:2)
  3 leopard geckos (D:1)
  3 bats
  A giant cockroach (D:2)
  3 hobgoblins (D:1)
  3 kobolds (D:1)
  A quokka (D:2)
  4 rats
20 creatures vanquished.

Notes
Turn   | Place    | Note
-------+----------+-------------------------------------------
     0 | D:1      | Ivernyr the Ogre Wizard began the quest for the Orb.
     0 | D:1      | Reached XP level 1. HP: 16/16 MP: 5/5
    32 | D:1      | Reached skill level 1 in Conjurations
   295 | D:1      | Reached XP level 2. HP: 26/26 MP: 3/6
   328 | D:1      | Reached skill level 1 in Fighting
   362 | D:1      | Reached skill level 4 in Spellcasting
   620 | D:1      | Learned a level 2 spell: Blink
  1259 | D:2      | Reached XP level 3. HP: 33/33 MP: 1/8
  1294 | D:2      | HP: 1/33 [poisoned by an adder]
  1300 | D:2      | Succumbed to an adder's poison

Skill      XL: |  1  2 |
---------------+-------+-----
Conjurations   | 1 |  1.5
Fighting       | 1 |  1.6
Spellcasting   | 4 |  4.4
Dodging        | |  1.7
Stealth        | |  1.4
Summonings     | |  0.8
Translocations | |  0.8

Action                   || total
-------------------------++-------
Melee: Unarmed           ||    38
 Cast: Magic Dart        ||    49
  Use: Potion            ||     2
  Eat: Chunk             ||     1
Armor: Robe              ||    11
Dodge: Dodged            ||    31
